 Dungeon Crawl Stone Soup version 0.32-a0-996-gb3226c233f (webtiles) character file.

Game seed: 5165958305445935390

4181 wilfster70 the Protected (level 10, -2/91 HPs)
             Began as a Mountain Dwarf Fighter on Apr 23, 2024.
             Was a Believer of Ru.
             Incinerated by a deep elf pyromancer (15 damage)
             ... with a pyre arrow
             ... on level 8 of the Dungeon.
             The game lasted 00:12:44 (6343 turns).

wilfster70 the Protected (Mountain Dwarf Fighter)   Turns: 6343, Time: 00:12:45

Health: -2/91      AC: 15    Str: 27    XL:     10   Next: 8%
Magic:  10/10      EV:  8    Int: 11    God:    Ru [**....]
Gold:   282        SH:  9    Dex:  9    Spells: 9/9 levels left

rFire   . . .        a - +0 war axe (vamp)
rCold   . . .        c - +0 buckler
rNeg    + . .        A - +1 chain mail {Will+}
rPois   .            t - +1 helmet "Dise" {rN+ Slay+2}
rElec   .            (no cloak)
rCorr   .            (no gloves)
SInv    .            (no boots)
Will    +++..        s - amulet of reflection Stlth
                     z - +6 ring of strength
HPRegen 0.35/turn    b - ring of willpower
MPRegen 0.12/turn

%: reflection
@: mighty, on fire, glowing
A: hated by all, runic magic, artefact enchanting
a: Renounce Religion


You were on level 8 of the Dungeon.
You worshipped Ru.
Ru was pleased with you.
You visited 1 branch of the dungeon, and saw 8 of its levels.

You collected 304 gold pieces.
You spent 22 gold pieces at shops.

Inventory:

Hand Weapons
 a - a +0 vampiric war axe (weapon)
Missiles
 m - a throwing net (quivered)
Armour
 c - a +0 buckler (worn)
 d - a +0 plate armour
 t - the +1 helmet "Dise" (worn) {rN+ Slay+2}
   (You found it on level 4 of the Dungeon)

   Slay+2:    It affects your accuracy & damage with ranged weapons and melee
   (+2).
   rN+:       It protects you from negative energy.
 A - a +1 chain mail of willpower (worn)
Jewellery
 b - a ring of willpower (right hand)
 l - a ring of poison resistance
 s - an amulet of reflection (around neck)
 y - a ring of resist corrosion
 z - a +6 ring of strength (left hand)
Wands
 v - a wand of charming (10)
 w - a wand of acid (7)
Scrolls
 e - a scroll of brand weapon
 f - 2 scrolls of silence {unknown}
 g - a scroll of poison {unknown}
 k - 2 scrolls of teleportation {unknown}
 q - 2 scrolls of amnesia {unknown}
 r - a scroll of identify
 u - a scroll of blinking {unknown}
 x - 2 scrolls of enchant armour {unknown}
 B - 2 scrolls of fear {unknown}
 E - a scroll of vulnerability
Potions
 h - 2 potions of attraction {unknown}
 i - 5 potions of curing
 j - 2 potions of enlightenment
 n - a potion of heal wounds
 o - 2 potions of degeneration {unknown}
 p - 2 potions of lignification
 D - a potion of cancellation {unknown}


   Skills:
 - Level 9.5 Fighting
 - Level 10.0 Axes
 + Level 10.5 Armour
 - Level 3.2 Shields


You had 9 spell levels left.
You didn't know any spells.
Your spell library was empty.

Dungeon Overview and Level Annotations

Branches:
Dungeon (8/15)             Temple (0/1) D:5
   Lair: D:8-11

Altars:
Elyvilon
Kikubaaqudgha
Nemelex Xobeh
Okawaru
Ru
Sif Muna
Vehumet
Zin

Shops:
D:1 ?   D:4 :


Innate Abilities, Weirdness & Mutations

You are hated by all.
Your spellcasting is much less encumbered by armour.
You can use scrolls of enchantment on lesser artefacts.


Message History

The sky beast flickers out of sight!
Deactivating autopickup; reactivate with Ctrl-A.
The howler monkey is stunned by your conviction and fails to attack.
You block the deep elf pyromancer's attack.
You slash the deep elf pyromancer!
You feel better.
You kill the deep elf pyromancer!
You barely miss the howler monkey. The liquid fire burns you!
The howler monkey hits you but does no damage.
Your Armour skill increases to level 10!
You have reached level 10!
You slice the howler monkey!!
You feel better.
You kill the howler monkey!
The liquid fire burns you! The bullfrog closely misses you.
You closely miss the bullfrog. The liquid fire burns you!
The bullfrog barely misses you.
The bullfrog hits you but does no damage.
You slice the bullfrog!!
The bullfrog is almost dead.
The liquid fire burns you!
* * * LOW HITPOINT WARNING * * *
The bullfrog barely misses you.
You slash the bullfrog!
You feel better.
You kill the bullfrog!
The liquid fire burns you!
* * * LOW HITPOINT WARNING * * *
You miss something. The liquid fire burns you!
* * * LOW HITPOINT WARNING * * *
Something hits you but does no damage.
You feel much better. The liquid fire burns you!
* * * LOW HITPOINT WARNING * * *
Something hits you but does no damage.
You barely miss something. The liquid fire burns you!
You die...
Ru respects your ultimate sacrifice.

.##..####.# #PP.##.
# #.# #####.. #h#
#.##.# #.# #....#
#e# #.#### #F# #.#
#.# #.#
#.###############.#
#..){@)...........#
###################


There were no monsters in sight!

Vanquished Creatures
  A deep elf pyromancer (D:8)
  Grinder (D:3)
  A hornet (D:8)
  Sigmund (D:2)
  A wyvern (D:7)
  Edmund (D:5)
  A water moccasin (D:7)
  A black bear (D:5)
  An ice beast (D:6)
  An orc warrior (D:7)
  3 sky beasts
  2 ogres
  2 centaurs
  A phantom (D:4)
  A kobold brigand (D:6)
  2 bullfrogs (D:8)
  3 gnoll sergeants
  A scorpion (D:6)
  5 wights
  4 killer bees (D:7)
  A howler monkey (D:8)
  3 jellies
  2 hounds
  6 orc priests
  2 sleepcaps (D:6)
  Natasha (twice) (D:2)
  4 iguanas
  6 orc wizards
  3 adders
  7 gnolls
  A shadow imp (D:6)
  3 white imps
  3 ribbon worms
  29 orcs
  7 endoplasms
  4 giant cockroaches
  7 goblins
  7 hobgoblins
  4 jackals (D:2)
  17 kobolds
  A quokka (D:2)
  2 ball pythons
  9 bats
  3 frilled lizards
  7 rats
174 creatures vanquished.

Vanquished Creatures (others)
  A wight (D:6)
  A killer bee (D:7)
2 creatures vanquished.

Grand Total: 176 creatures vanquished

Notes
Turn   | Place    | Note
-------+----------+-------------------------------------------
     0 | D:1      | wilfster70 the Mountain Dwarf Fighter began the quest for
                  | the Orb.
     0 | D:1      | Reached XP level 1. HP: 19/19 MP: 1/1
   167 | D:1      | Reached XP level 2. HP: 26/26 MP: 2/2
   817 | D:1      | Reached XP level 3. HP: 33/33 MP: 3/3
  1026 | D:1      | Found Jewacoedgh's Magic Scroll Shop.
  1035 | D:1      | Bought a scroll of identify for 22 gold pieces
  1398 | D:2      | Noticed Natasha
  1409 | D:2      | Killed Natasha
  1410 | D:2      | Reached XP level 4. HP: 28/40 MP: 4/4
  1575 | D:2      | Noticed Sigmund
  1629 | D:2      | Killed Sigmund
  1630 | D:2      | Reached XP level 5. HP: 44/47 MP: 5/5
  1710 | D:2      | Noticed Natasha
  1724 | D:2      | Killed Natasha
  1725 | D:2      | Reached skill level 5 in Fighting
  1725 | D:2      | Reached XP level 6. HP: 53/56 MP: 6/6
  2273 | D:3      | Noticed Grinder
  2278 | D:3      | Paralysed by Grinder for 4 turns
  2312 | D:3      | Killed Grinder
  2762 | D:4      | Found a sacrificial altar of Ru.
  2776 | D:4      | Reached XP level 7. HP: 55/62 MP: 7/7
  2776 | D:4      | Found a basalt altar of Yredelemnul.
  2796 | D:4      | Became a worshipper of Ru the Awakened
  3088 | D:4      | Found a shimmering blue altar of Sif Muna.
  3276 | D:4      | Identified the +1 helmet "Dise" {rN+ Slay+2}
  3318 | D:4      | Found Xivucops's Book Shoppe.
  3734 | D:5      | Entered Level 5 of the Dungeon
  3888 | D:5      | Found a sparkling altar of Nemelex Xobeh.
  3906 | D:5      | Found a staircase to the Ecumenical Temple.
  3965 | D:5      | Noticed Edmund
  3982 | D:5      | Killed Edmund
  3983 | D:5      | Reached XP level 8. HP: 61/71 MP: 8/8
  4448 | D:5      | Found a glowing silver altar of Zin.
  4448 | D:5      | Noticed an angel
  4617 | D:5      | Reached skill level 10 in Axes
  4646 | D:6      | Gained mutation: You are hated by all. [Ru sacrifice]
  4646 | D:6      | Reached * piety under Ru
  4646 | D:6      | Reached ** piety under Ru
  5155 | D:6      | Reached XP level 9. HP: 84/84 MP: 9/9
  5310 | D:7      | Reached skill level 5 in Armour
  5589 | D:7      | Found a radiant altar of Vehumet.
  5653 | D:7      | Found an iron altar of Okawaru.
  6180 | D:8      | Found a white marble altar of Elyvilon.
  6216 | D:8      | Found an ancient bone altar of Kikubaaqudgha.
  6310 | D:8      | Noticed a deep elf pyromancer
  6319 | D:8      | Paralysed by a hornet for 3 turns
  6336 | D:8      | Killed a deep elf pyromancer
  6337 | D:8      | Reached skill level 10 in Armour
  6337 | D:8      | Reached XP level 10. HP: 57/91 MP: 10/10
  6343 | D:8      | Incinerated by a deep elf pyromancer

Illustrated notes

Levels and vault maps discovered:
D:1:      lightli_arrival_statuegarden, layout_loops_ring, serial_shops, shop,
          st_stairs_3, roderic_lattice_a, kennysheep_pointless_box,
          serial_bayou_pond_c, chequers_serial_rivers_micro_b,
          nicolae_twisty_statue_hallways
D:2:      layout_loops_ring, hangedman_decor_riveting, uniq_natasha,
          uniq_sigmund
D:3:      layout_basic, st_stairs_11, uniq_grinder
D:4:      layout_basic, grunt_temple_overflow_open, kennysheep_mini,
          serial_shops, nicolae_shop_statue_plus, serial_co_window_serial,
          co_window_of_opportunity_a, co_window_paths_a, co_window_corner_a,
          co_window_corner_a, co_window_of_opportunity_a, co_window_broadway_b,
          co_window_corner_b, co_window_broadway_b, co_window_paths_c,
          co_window_4corner_b, glass_columns_b, glass_columns_b,
          glass_columns_c, glass_columns_b
D:5:      layout_loops_ring, mainiacjoe_overflow_cross_hatched, zin_angel,
          minmay_temple_entry_grid, minivault_24, nicolae_grassy_gnolls,
          uniq_edmund
D:6:      layout_rooms
D:7:      layout_loops_ring, okawaru_metal_pillars_1_2, lemuel_crystal_altar,
          minivault_26
D:8:      layout_basic, mainiacjoe_overflow_concentric_impassable,
          grunt_temple_overflow_growth_and_decay, guppyfry_early_elven_hall

Skill      XL: |  1  2  3  4  5  6  7  8  9 |
---------------+----------------------------+-----
Axes           | 3 4 6 7 9 10 | 10.0
Fighting       | 4 5 6 9 |  9.5
Armour         | 4 10 | 10.5
Shields        | |  3.2

Action                     |  1- 3 |  4- 6 |  7- 9 | 10-12 || total
---------------------------+-------+-------+-------+-------++-------
  Melee: War axe           |   129 |    99 |   375 |     6 ||   609
 Invoke: Sacrifice Love    |       |       |     1 |       ||     1
    Use: Scroll            |     4 |       |     2 |       ||     6
         Potion            |       |     1 |     2 |     1 ||     4
 Armour: Scale mail        |   111 |    35 |       |       ||   146
         Plate armour      |       |    35 |    16 |       ||    51
         Chain mail        |       |       |   218 |     3 ||   221
  Dodge: Dodged            |    72 |    29 |    92 |     3 ||   196
  Block: Buckler           |    36 |    12 |   145 |       ||   193
         Reflection        |       |       |     1 |       ||     1

Table legend: (Time is in decaauts)
 A = Elapsed time spent in this place.
 B = Non-inter-level travel time spent in this place.
 C = Inter-level travel time spent in this place.
 D = Time resting spent in this place.
 E = Time spent auto-exploring this place.
 F = Levels seen in this place.
 G = Mean time per level.
                   A        B        C        D        E       F      G
               +--------+--------+--------+--------+--------+-----+--------+
         Total |   6448 |   6281 |    167 |    564 |   3645 |   8 |  806.0 |
       Dungeon |   6448 |   6281 |    167 |    564 |   3645 |   8 |  806.0 |
               +--------+--------+--------+--------+--------+-----+--------+

Top non-repeatable levels by time:
     D:1: 1153 daAuts
     D:4: 1064 daAuts
     D:5: 906 daAuts
     D:7: 829 daAuts
     D:3: 823 daAuts
     D:2: 786 daAuts
     D:6: 627 daAuts
     D:8: 257 daAuts
